Workbook
Name NetIncome: 'Gewinn und Verlust'!$O$11

Sheet Gewinn und Verlust
B2: GEWINN- VERLUSTRECHNUNG
B3: FIRMENNAME
G4: JAHR 2026
B6: Monat | C6: Januar | D6: Februar | E6: März | F6: April | G6: Mai | H6: Juni | I6: Juli | J6: August | K6: September | L6: Oktober | M6: November | N6: Dezember | O6: YTD
B7: Einnahmen aus dem Betrieb | C7: =IFERROR(Einkommen!C14-Expenses[[#Totals],[Januar]],"") -> 14159 | D7: =IFERROR(Einkommen!D14-Expenses[[#Totals],[Februar]],"") -> 24980.75 | E7: =IFERROR(Einkommen!E14-Expenses[[#Totals],[März]],"") -> 15642.18 | F7: =IFERROR(Einkommen!F14-Expenses[[#Totals],[April]],"") -> -17559.51 | G7: =IFERROR(Einkommen!G14-Expenses[[#Totals],[Mai]],"") -> 17043.97 | H7: =IFERROR(Einkommen!H14-Expenses[[#Totals],[Juni]],"") -> 19215.59 | I7: =IFERROR(Einkommen!I14-Expenses[[#Totals],[Juli]],"") -> 19082.36 | J7: =IFERROR(Einkommen!J14-Expenses[[#Totals],[August]],"") | K7: =IFERROR(Einkommen!K14-Expenses[[#Totals],[September]],"") | L7: =IFERROR(Einkommen!L14-Expenses[[#Totals],[Oktober]],"") | M7: =IFERROR(Einkommen!M14-Expenses[[#Totals],[November]],"") | N7: =IFERROR(Einkommen!N14-Expenses[[#Totals],[Dezember]],"") | O7: =IFERROR(Einkommen!O14-Expenses[[#Totals],[YTD]],"") -> 134210.34
B8: Zinserträge (Ausgaben) | C8: -100 | D8: -105 | E8: -110.25 | F8: -115.76 | G8: -121.55 | H8: -127.63 | I8: -134.01 | O8: =SUM(C8:N8) -> -814.2
B9: Einkommen vor Einkommensteuer | C9: =IFERROR(C7+C8,"") -> 14059 | D9: =IFERROR(D7+D8,"") -> 24875.75 | E9: =IFERROR(E7+E8,"") -> 15531.93 | F9: =IFERROR(F7+F8,"") -> -17675.27 | G9: =IFERROR(G7+G8,"") -> 16922.42 | H9: =IFERROR(H7+H8,"") -> 19087.96 | I9: =IFERROR(I7+I8,"") -> 18948.35 | J9: =IFERROR(J7+J8,"") | ... N9: =IFERROR(N7+N8,"") | O9: =SUM(C9:N9) -> 91750.14
B10: Einkommensteuerliche Ausgaben | C10: 2400 | D10: 2500 | E10: 2600 | F10: 2700 | G10: 2900 | H10: 3000 | I10: 3200 | O10: =SUM(C10:N10) -> 19300
B11: Nettogewinn | C11: =IFERROR(C9-C10,"") -> 11659 | D11: =IFERROR(D9-D10,"") -> 22375.75 | E11: =IFERROR(E9-E10,"") -> 12931.93 | F11: =IFERROR(F9-F10,"") -> -20375.27 | G11: =IFERROR(G9-G10,"") -> 14022.42 | H11: =IFERROR(H9-H10,"") -> 16087.96 | I11: =IFERROR(I9-I10,"") -> 15748.35 | J11: =IFERROR(J9-J10,"") | ... O11: =IFERROR(O9-O10,"") -> 72450.14

Sheet Einkommen
B1: GEWINN- VERLUSTRECHNUNG
B2: FIRMENNAME
G3: JAHR 2026
B5: Einkommen | C5: Januar | D5: Februar | E5: März | F5: April | G5: Mai | H5: Juni | I5: Juli | J5: August | K5: September | L5: Oktober | M5: November | N5: Dezember | O5: YTD
B6: Vertrieb | C6: 50000 | D6: 63098 | E6: 55125 | F6: 23881 | G6: 60775.31 | H6: 63814.08 | I6: 67004.78 | J6: 89000 | O6: =SUM(C6:N6) -> 472698.17
B7: Verkaufsrückträge (Reduzierung) | C7: 0 | D7: -500 | E7: 0 | F7: 0 | G7: -234 | H7: 0 | I7: 0 | J7: -300 | O7: =SUM(C7:N7) -> -1034
B8: Verkaufsrabatte (Reduktion) | C8: -5000 | D8: -5250 | E8: -5513 | F8: -5788 | G8: -6078 | H8: -5324 | I8: -6700 | J8: -400 | O8: =SUM(C8:N8) -> -40053
B9: Sonstiges Einkommen 1 | C9: 0 | D9: 0 | E9: 0 | F9: 0 | G9: 0 | H9: 0 | I9: 0 | J9: 2000 | O9: =SUM(C9:N9) -> 2000
B10: Sonstiges Einkommen 2 | C10: 0 | D10: 0 | E10: 0 | F10: 0 | G10: 0 | H10: 0 | I10: 0 | O10: =SUM(C10:N10) -> 0
B11: Sonstiges Einkommen 3 | C11: 0 | D11: 0 | E11: 0 | F11: 0 | G11: 0 | H11: 0 | I11: 0 | O11: =SUM(C11:N11) -> 0
B12: Nettoumsatz | C12: =IF(SUM(C6:C11)=0,"",SUM(C6:C11)) -> 45000 | D12: =IF(SUM(D6:D11)=0,"",SUM(D6:D11)) -> 57348 | E12: =IF(SUM(E6:E11)=0,"",SUM(E6:E11)) -> 49612 | F12: =IF(SUM(F6:F11)=0,"",SUM(F6:F11)) -> 18093 | G12: =IF(SUM(G6:G11)=0,"",SUM(G6:G11)) -> 54463.31 | H12: =IF(SUM(H6:H11)=0,"",SUM(H6:H11)) -> 58490.08 | I12: =IF(SUM(I6:I11)=0,"",SUM(I6:I11)) -> 60304.78 | J12: =IF(SUM(J6:J11)=0,"",SUM(J6:J11)) -> 90300 | ... O12: =IF(SUM(O6:O11)=0,"",SUM(O6:O11)) -> 433611.17
B13: Kosten der verkauften Waren | C13: 20000 | D13: 21000 | E13: 22050 | F13: 23152.5 | G13: 24310.13 | H13: 25525.63 | I13: 26801.91 | J13: 48654 | O13: =SUM(C13:N13) -> 211494.17
B14: Bruttogewinn | C14: =IFERROR(C12-C13,"") -> 25000 | D14: =IFERROR(D12-D13,"") -> 36348 | E14: =IFERROR(E12-E13,"") -> 27562 | F14: =IFERROR(F12-F13,"") -> -5059.5 | G14: =IFERROR(G12-G13,"") -> 30153.18 | H14: =IFERROR(H12-H13,"") -> 32964.45 | I14: =IFERROR(I12-I13,"") -> 33502.87 | J14: =IFERROR(J12-J13,"") -> 41646 | ... O14: =IFERROR(O12-O13,"") -> 222117

Sheet Betriebskosten
B1: GEWINN- VERLUSTRECHNUNG
B2: FIRMENNAME
G3: Jahr – 2026
B5: Betriebskosten | C5: Januar | D5: Februar | E5: März | F5: April | G5: Mai | H5: Juni | I5: Juli | J5: August | K5: September | L5: Oktober | M5: November | N5: Dezember | O5: YTD
B6: Gehälter & Löhne | C6: 7500 | D6: 7875 | E6: 8268.75 | F6: 8682.19 | G6: 9116.3 | H6: 9572.11 | I6: 10050.72 | O6: =SUM(C6:N6) -> 61065.07
B7: Abschreibung | C7: 500 | D7: 525 | E7: 551.25 | F7: 578.81 | G7: 607.75 | H7: 638.14 | I7: 670.05 | O7: =SUM(C7:N7) -> 4071
B8: Miete | C8: 1500 | D8: 1575 | E8: 1653.75 | F8: 1736.44 | G8: 1823.26 | H8: 1914.42 | I8: 2010.14 | O8: =SUM(C8:N8) -> 12213.01
B9: Bürobedarf | C9: 475 | D9: 498.75 | E9: 523.69 | F9: 549.87 | G9: 577.37 | H9: 606.23 | I9: 636.55 | O9: =SUM(C9:N9) -> 3867.46
B10: Versorgungseinrichtungen | C10: 123 | D10: 123 | E10: 123 | F10: 123 | G10: 123 | H10: 123 | I10: 123 | O10: =SUM(C10:N10) -> 861
B11: Telefon Nr. | C11: 68 | D11: 68 | E11: 68 | F11: 68 | G11: 68 | H11: 68 | I11: 68 | O11: =SUM(C11:N11) -> 476
B12: Versicherung | C12: 125 | D12: 125 | E12: 125 | F12: 125 | G12: 125 | H12: 125 | I12: 125 | O12: =SUM(C12:N12) -> 875
B13: Reise | C13: 250 | D13: 262.5 | E13: 275.63 | F13: 289.41 | G13: 303.88 | H13: 319.07 | I13: 335.02 | O13: =SUM(C13:N13) -> 2035.51
B14: Instandhaltung | C14: 100 | D14: 105 | E14: 110.25 | F14: 115.76 | G14: 121.55 | H14: 127.63 | I14: 134.01 | O14: =SUM(C14:N14) -> 814.2
B15: Werbung | C15: 200 | D15: 210 | E15: 220.5 | F15: 231.53 | G15: 243.1 | H15: 255.26 | I15: 268.02 | O15: =SUM(C15:N15) -> 1628.41
B16: Sonstiges 1 | C16: 0 | D16: 0 | E16: 0 | F16: 0 | G16: 0 | H16: 0 | I16: 0 | O16: =SUM(C16:N16) -> 0
B17: Andere 2 | C17: 0 | D17: 0 | E17: 0 | F17: 0 | G17: 0 | H17: 0 | I17: 0 | O17: =SUM(C17:N17) -> 0
B18: Weitere 3 | C18: 0 | D18: 0 | E18: 0 | F18: 0 | G18: 0 | H18: 0 | I18: 0 | O18: =SUM(C18:N18) -> 0
B19: Gesamtbetriebskosten | C19: =IF(SUM(C6:C18)=0,"",SUM(C6:C18)) -> 10841 | D19: =IF(SUM(D6:D18)=0,"",SUM(D6:D18)) -> 11367.25 | E19: =IF(SUM(E6:E18)=0,"",SUM(E6:E18)) -> 11919.82 | F19: =IF(SUM(F6:F18)=0,"",SUM(F6:F18)) -> 12500.01 | G19: =IF(SUM(G6:G18)=0,"",SUM(G6:G18)) -> 13109.21 | H19: =IF(SUM(H6:H18)=0,"",SUM(H6:H18)) -> 13748.86 | I19: =IF(SUM(I6:I18)=0,"",SUM(I6:I18)) -> 14420.51 | J19: =IF(SUM(J6:J18)=0,"",SUM(J6:J18)) | ... N19: =IF(SUM(N6:N18)=0,"",SUM(N6:N18)) | O19: =SUBTOTAL(109,Expenses[YTD]) -> 87906.66
